 Dungeon Crawl Stone Soup version 0.23-a0-29-g1be82e5 (webtiles) character file.

7279 galech the Cleaver (level 10, -1/91 HPs)
             Began as a Minotaur Fighter on Aug 3, 2018.
             Was an Elder of Makhleb.
             Slain by a manticore (16 damage)
             ... on level 10 of the Dungeon.
             The game lasted 00:13:30 (8263 turns).

galech the Cleaver (Minotaur Fighter)               Turns: 8263, Time: 00:13:32

Health: -1/91      AC: 14    Str: 21    XL:     10   Next: 89%
Magic:  0/12       EV: 12    Int:  5    God:    Makhleb [****..]
Gold:   562        SH:  0    Dex: 13    Spells: 9/9 levels left

rFire    . . .     SeeInvis .   B - +7 great mace "Undeadhunter" {disrupt, rN+}
rCold    . . .     Gourm    .   (shield currently unavailable)
rNeg     + . .     Faith    .   H - +3 ring mail
rPois    .         Spirit   +   (helmet restricted)
rElec    .         Reflect  .   l - scarf {repulsion}
rCorr    +         Harm     .   i - +1 pair of gloves
MR       .....                  y - +0 pair of boots
Stlth    ..........             o - amulet of guardian spirit
HPRegen  0.25/turn              D - ring of resist corrosion
MPRegen  0.13/turn              K - ring of attention (curse)

@: studying Slings, repel missiles
A: retaliatory headbutt, horns 2
a: Minor Destruction, Lesser Servant of Makhleb, Major Destruction, Renounce
Religion


You were on level 10 of the Dungeon.
You worshipped Makhleb.
Makhleb was greatly pleased with you.
You were very hungry.

You visited 2 branches of the dungeon, and saw 11 of its levels.

You collected 562 gold pieces.

Inventory:

Hand Weapons
 a - a +1 war axe
 b - a +0 hand axe of freezing
 B - the +7 great mace "Undeadhunter" (weapon) {disrupt, rN+}
   (You found it on level 3 of the Dungeon)

   It protects you from negative energy.
Armour
 c - a +0 shield
 i - a +1 pair of gloves (worn)
 l - a scarf of repulsion (worn)
 y - a +0 pair of boots (worn)
 H - a +3 ring mail (worn)
Jewellery
 o - an amulet of guardian spirit (around neck)
 t - a +6 ring of intelligence
 D - a ring of resist corrosion (left hand)
 K - a cursed ring of attention (right hand)
Wands
 C - a wand of paralysis (16)
 E - a wand of disintegration (10)
 F - a wand of clouds (2)
 N - a wand of acid (7)
Scrolls
 g - 4 scrolls of magic mapping
 h - 3 scrolls of amnesia
 j - 2 scrolls of immolation
 k - a scroll of enchant weapon
 q - 6 scrolls of teleportation
 s - 3 scrolls of remove curse
 u - 2 scrolls of enchant armour {unknown}
 v - 2 scrolls of blinking {unknown}
 x - a scroll of acquirement {unknown}
 G - a scroll of summoning {unknown}
 I - a scroll of fear
 J - 2 scrolls of vulnerability {unknown}
Potions
 d - 3 potions of might
 e - 3 potions of lignification {unknown}
 m - a potion of berserk rage {unknown}
 n - 2 potions of degeneration
 p - 3 potions of brilliance
 r - 2 potions of curing {unknown}
 w - 3 potions of agility {unknown}
 z - 2 potions of mutation {unknown}
 L - a potion of resistance {unknown}
 M - a potion of flight {unknown}
Books
 O - a manual of Slings
Comestibles
 f - 23 rations
 A - 6 chunks of flesh


   Skills:
 + Level 9.4 Fighting
 - Level 10.7(11.4) Axes
 + Level 6.7(9.6) Maces & Flails
 + Level 10.1 Armour
 - Level 2.3 Dodging
 - Level 0.1 Stealth
 - Level 7.2 Shields
 + Level 4.7 Invocations


You had 9 spell levels left.
You didn't know any spells.
Your spell library contained the following spells:

 Spells                   Type           Power        Failure   Level  Hunger
 Fireball                 Conj/Fire      #.........   100%        5    ######.
 Conjure Flame            Conj/Fire      #.......     93%         3    ####...
 Throw Flame              Conj/Fire      #.....       75%         2    ###....
 Summon Small Mammal      Summ           #...         61%         1    ##.....
 Sticky Flame             Conj/Fire      #.......     100%        4    #####..
 Summon Ice Beast         Ice/Summ       #.......     100%        4    #####..
 Call Imp                 Summ           #.......     75%         2    ###....
 Flame Tongue             Conj/Fire      #....        61%         1    ##.....
 Call Canine Familiar     Summ           #.......     93%         3    ####...
 Inner Flame              Hex/Fire       #.......     93%         3    ####...
 Summon Lightning Spire   Summ/Air       #.......     100%        4    #####..
 Summon Guardian Golem    Hex/Summ       #.......     93%         3    ####...


Dungeon Overview and Level Annotations

Branches:
Dungeon (10/15)            Temple (1/1) D:5            Lair (0/6) D:8
    Orc (0/2) D:9

Altars:
Ashenzari
Cheibriados
Dithmenos
Elyvilon
Fedhas
Gozag
Hepliaklqana
Kikubaaqudgha
Makhleb
Nemelex Xobeh
Okawaru
Qazlal
Ru
Trog
Uskayaw
Vehumet
Wu Jian
Xom
Yredelemnul
The Shining One


Innate Abilities, Weirdness & Mutations

You reflexively headbutt those who attack you in melee.
You have a pair of horns on your head.


Message History

You hit the worker ant.
The worker ant is moderately wounded.
The worker ant closely misses you.
The worker ant bites you but does no damage.
You bludgeon the worker ant!!
You kill the worker ant!
Makhleb accepts your kill.
You feel better. The manticore bites you!
* * * LOW HITPOINT WARNING * * *
The manticore closely misses you. The manticore claws you.
* * * LOW HITPOINT WARNING * * *
The manticore closely misses you. You furiously retaliate!
You headbutt the manticore, but do no damage.
The manticore claws you.
* * * LOW HITPOINT WARNING * * *
The manticore closely misses you.
You hit the manticore. Your headbutt misses the manticore.
The manticore is lightly wounded.
The manticore bites you!!
You die...

.# .# #≈ .####.# #≈ ..≈≈≈
......#.# #≈ ..≈8≈
.######.# #≈ ...≈≈≈ (####
#.# #≈ ...... ....# #.#
#≈###...... (.#.# #.#
#≈†y.....# ....# #.#
#≈@H†.# .#.## #.# ##†)..#
.#.####.#######.....##
..............#..#≈≈≈≈≈≈
##.......................
############.##.########
#.##.# #....# ######


You could see a manticore and a vampire mosquito.

Vanquished Creatures
  An unseen horror (D:10)
  The ghost of eyesofgods1 the Cudgeler, a novice DsFi (D:4)
  A gargoyle (D:10)
  A komodo dragon (D:8)
  A hornet (D:8)
  A hippogriff (D:10)
  2 hungry ghosts
  2 soldier ants
  A water moccasin (D:3)
  2 orc warriors
  3 sky beasts
  A necrophage (D:10)
  2 phantoms
  11 ogres
  2 centaurs
  A big kobold (D:9)
  5 bullfrogs
  A gnoll sergeant (D:5)
  A water moccasin zombie (D:5)
  A scorpion (D:5)
  5 killer bees (D:8)
  8 wights (D:7)
  6 howler monkeys
  2 bullfrog zombies
  A centaur zombie (D:8)
  5 crimson imps
  8 hounds
  A centaur skeleton (D:5)
  5 orc priests
  14 orc wizards
  3 iguanas
  11 worker ants
  2 hound skeletons
  15 gnolls
  5 adders
  A shadow imp (D:5)
  2 oozes
  An adder zombie (D:8)
  4 adder skeletons
  5 worms
  7 leopard geckos
  36 orcs
  7 bats
  7 giant cockroaches
  12 goblins
  8 hobgoblins
  5 jackals
  6 quokkas
  A ball python (D:5)
  6 frilled lizards
  A giant cockroach zombie (D:5)
  A jackal skeleton (D:8)
  11 kobolds
  2 leopard gecko skeletons
  A quokka zombie (D:6)
  5 rats
261 creatures vanquished.

Vanquished Creatures (others)
  A goblin (D:3)
  A plant (D:8)
2 creatures vanquished.

Grand Total: 263 creatures vanquished

Notes
Turn   | Place    | Note
-------+----------+-------------------------------------------
     0 | D:1      | galech the Minotaur Fighter began the quest for the Orb.
     0 | D:1      | Reached XP level 1. HP: 19/19 MP: 0/0
   179 | D:1      | Reached XP level 2. HP: 27/27 MP: 1/1
   930 | D:2      | Found a blossoming altar of Fedhas.
   971 | D:2      | Reached XP level 3. HP: 33/33 MP: 2/2
  1396 | D:3      | Found a sparkling altar of Nemelex Xobeh.
  1495 | D:3      | Found a white marble altar of Elyvilon.
  1531 | D:3      | Reached XP level 4. HP: 28/40 MP: 3/3
  1729 | D:3      | Found a transporter.
  1730 | D:3      | Found a transporter.
  1730 | D:3      | Noticed a water moccasin
  1758 | D:3      | Found an iron altar of Okawaru.
  1759 | D:3      | Found the +7 great mace "Undeadhunter" {disrupt, rN+}
  1823 | D:3      | Found a stormy altar of Qazlal.
  2262 | D:3      | Reached XP level 5. HP: 46/46 MP: 4/4
  2434 | D:4      | Reached skill level 5 in Armour
  2600 | D:4      | Reached skill level 5 in Shields
  2600 | D:4      | Reached XP level 6. HP: 50/52 MP: 5/5
  2646 | D:4      | Found a runed gate.
  2647 | D:4      | Found a runed gate.
  2647 | D:4      | Found a runed gate.
  2649 | D:4      | Noticed eyesofgods1's ghost (novice DsFi)
  3011 | D:5      | Entered Level 5 of the Dungeon
  3068 | D:5      | Reached skill level 5 in Axes
  3149 | D:5      | Reached skill level 1 in Dodging
  3149 | D:5      | Reached XP level 7. HP: 21/60 MP: 2/6
  3309 | D:5      | Reached skill level 5 in Fighting
  3439 | D:5      | Found a staircase to the Ecumenical Temple.
  3459 | Temple   | Entered the Ecumenical Temple
  3466 | Temple   | Became a worshipper of Makhleb the Destroyer
  3707 | D:5      | Reached XP level 8. HP: 57/68 MP: 7/7
  4328 | D:6      | Reached * piety under Makhleb
  4749 | D:6      | Reached skill level 10 in Axes
  4779 | D:6      | Reached XP level 9. HP: 48/78 MP: 4/8
  4842 | D:6      | Reached ** piety under Makhleb
  5283 | D:4      | Killed eyesofgods1's ghost
  5465 | D:7      | Reached skill level 1 in Maces & Flails
  6014 | D:8      | Reached skill level 1 in Invocations
  6588 | D:8      | Found a shimmering altar of Xom.
  6589 | D:8      | Found a shimmering altar of Xom.
  6589 | D:8      | Found a shimmering altar of Xom.
  6589 | D:8      | Found a shimmering altar of Xom.
  6589 | D:8      | Found a shimmering altar of Xom.
  6832 | D:8      | Found a glowing golden altar of the Shining One.
  6855 | D:8      | Reached XP level 10. HP: 88/88 MP: 10/10
  6871 | D:8      | Found a staircase to the Lair.
  6893 | D:8      | Reached *** piety under Makhleb
  7015 | D:8      | Found a snail-covered altar of Cheibriados.
  7426 | D:9      | Found a staircase to the Orcish Mines.
  7487 | D:9      | Found an ornate altar of the Wu Jian Council.
  7517 | D:9      | Reached skill level 5 in Maces & Flails
  7590 | D:9      | Found a hazy altar of Hepliaklqana.
  7690 | D:9      | Found a sacrificial altar of Ru.
  7877 | D:9      | Found a shattered altar of Ashenzari.
  8048 | D:10     | Entered Level 10 of the Dungeon
  8113 | D:10     | Killed an unseen horror
  8233 | D:10     | Noticed a gargoyle
  8245 | D:10     | Reached **** piety under Makhleb
  8249 | D:10     | Reached skill level 10 in Armour
  8256 | D:10     | Noticed a manticore
  8257 | D:10     | Killed a gargoyle
  8263 | D:10     | Slain by a manticore

Vault maps used:
D:1:      lemuel_arrival_rhombus, grunt_decor_arrowhead, minivault_23
D:2:      overflow_temple_1_default, kennysheep_potato
D:3:      elyvilon_altar_4, overflow_temple_1_default,
          gammafunk_temple_overflow_arena, marbit_many_paths, first_ration,
          palyth_stone_intersect, grunt_ministairs_11, minmay_goblin_outpost
D:4:      gammafunk_ghost_split
D:5:      minmay_temple_entry_butterflies
D:8:      xom_shifter_show, nicolae_overflow_crystal_walls, david_lair_shrubbed,
          hangedman_pestilent_swarm, minmay_misc_feat_five, chei_slow_surprise
D:9:      kennysheep_little_box, lemuel_doored_altar, lemuel_round_altar,
          orc_0_dummy, basic_altar
D:10:     cheibrodos_ideogram_h, uniq_sonja
Temple:   nicolae_temple_x_marks_the_god

Skill      XL: |  1  2  3  4  5  6  7  8  9 10 |
---------------+-------------------------------+-----
Armour         | 4 5 6 7 8 10 | 10.1
Shields        | 4 5 6 7 |  7.2
Fighting       | 4 5 6 7 9 |  9.4
Axes           | 3 4 5 7 10 | 10.7
Dodging        | 1 2 |  2.3
Maces & Flails | 4 6 |  6.7
Invocations    | 2 4 |  4.7
Stealth        | |  0.1

Action                   |  1- 3 |  4- 6 |  7- 9 | 10-12 || total
-------------------------+-------+-------+-------+-------++-------
Melee: War axe           |    89 |   103 |   217 |       ||   409
       Headbutt          |    11 |    20 |    62 |    29 ||   122
       Great mace        |       |       |    97 |   123 ||   220
  Use: Scroll            |       |     7 |     2 |     1 ||    10
  Eat: Chunk             |     2 |     5 |    17 |     4 ||    28
Armor: Scale mail        |    35 |     2 |       |       ||    37
       Chain mail        |       |    50 |   135 |       ||   185
       Ring mail         |       |       |     3 |    96 ||    99
Dodge: Dodged            |    31 |    28 |    89 |   128 ||   276
       Deflected         |     2 |       |     2 |     6 ||    10
Block: Shield            |    53 |    38 |    97 |       ||   188

Table legend:
 A = Spawn XP
 B = Non-spawn XP
 C = Spawn XP percentage of total XP
 D = Spawn monster count
 E = Non-spawn monster count
 F = Spawn count percentage of total count
 G = Total turns spent on level
                    A         B        C        D         E        F      G
               +---------+---------+-------+---------+---------+-------+---------
         Total |       0 |   10399 |   0.0 |       0 |     261 |   0.0 |  8263
               +---------+---------+-------+---------+---------+-------+---------
           D:1 |       0 |      27 |   0.0 |       0 |      13 |   0.0 |   868
           D:2 |       0 |      43 |   0.0 |       0 |      17 |   0.0 |   513
           D:3 |       0 |     326 |   0.0 |       0 |      39 |   0.0 |  1253
           D:4 |       0 |     677 |   0.0 |       0 |      12 |   0.0 |   697
           D:5 |       0 |    1376 |   0.0 |       0 |      41 |   0.0 |  1266
           D:6 |       0 |    1118 |   0.0 |       0 |      33 |   0.0 |   758
           D:7 |       0 |    1065 |   0.0 |       0 |      23 |   0.0 |   634
           D:8 |       0 |    1823 |   0.0 |       0 |      29 |   0.0 |  1320
           D:9 |       0 |    1035 |   0.0 |       0 |      31 |   0.0 |   723
          D:10 |       0 |    2909 |   0.0 |       0 |      23 |   0.0 |   215
               +---------+---------+-------+---------+---------+-------+---------
